 Dungeon Crawl Stone Soup version 0.18-a0-1745-gffa9a88 (webtiles) character file.

107 dohliylev the Vexing (level 4, -2/31 HPs)
             Began as a Vampire Enchanter on Apr 11, 2016.
             Slain by Sigmund
             ... wielding a +1 vampiric scythe
              (10 damage)
             ... on level 2 of the Dungeon.
             The game lasted 00:09:36 (2308 turns).

dohliylev the Vexing (Vampire Enchanter)            Turns: 2308, Time: 00:09:37

Health: -2/31      AC:  5    Str:  7    XL:     4   Next: 57%
Magic:  0/7        EV: 13    Int: 17    God:
Gold:   111        SH:  0    Dex: 15    Spells: 2 memorised, 4 levels left

rFire  . . .     SeeInvis +     a - +1 dagger
rCold  + + .     Gourm    .     m - +2 animal skin
rNeg   + + +     Faith    .     (no shield)
rPois  +         Spirit   .     n - +0 helmet
rElec  .         Dismiss  .     (no cloak)
rCorr  +         Reflect  .     (no gloves)
SustAt .         Harm     .     (no boots)
MR     .....                    (no amulet)
Stlth  ++++......               (no ring)
                                e - ring of resist corrosion

@: very slightly contaminated, regenerating slowly, not resistant to hostile
enchantments, stealthy
A: fangs 3, see invisible, unbreathing
a: Bat Form


You were on level 2 of the Dungeon.
You were near bloodless.

You visited 1 branch of the dungeon, and saw 2 of its levels.

You collected 111 gold pieces.

Inventory:

Hand Weapons
 a - a +1 dagger (weapon)
Missiles
 l - 2 tomahawks (quivered)
Armour
 m - a +2 animal skin (worn)
 n - a +0 helmet (worn)
Jewellery
 e - a ring of resist corrosion (left hand)
Scrolls
 b - a scroll of magic mapping {unknown}
 f - 3 scrolls of remove curse {unknown}
 g - 2 scrolls of recharging {unknown}
 i - a scroll of enchant weapon {unknown}
 j - a scroll of random uselessness {unknown}
 o - a scroll of fog {unknown}
Potions
 d - 31 potions of blood
 h - 3 potions of degeneration {unknown}
Books
 c - a book of Maledictions

   Spells                             Type                      Level
   a - Corona                         Hexes                        1
   b - Ensorcelled Hibernation        Hexes/Ice                    2
   c - Confuse                        Hexes                        3
   d - Tukima's Dance                 Hexes                        3
   e - Dazzling Spray                 Conjuration/Hexes            3


   Skills:
 + Level 0.5 Fighting
 + Level 1.5 Short Blades
 + Level 3.3 Dodging
 + Level 5.3 Stealth
 + Level 2.3 Spellcasting
 + Level 5.4 Hexes
 + Level 0.8 Ice Magic


You had 4 spell levels left.
You knew the following spells:

 Your Spells              Type           Power        Failure   Level  Hunger
a - Corona                Hex            ###....      1%          1    #......
b - Ensorcelled Hibernat  Hex/Ice        ##....       10%         2    ###....


Dungeon Overview and Level Annotations

Branches:
Dungeon (2/15)

Altars:

Annotations:
D:2 Sigmund


Innate Abilities, Weirdness & Mutations

You heal slowly.
You have razor-sharp teeth.
You have supernaturally acute eyesight.
You can survive without breathing.


Message History

Confirm with . or Enter, or press ? or * to list all spells.
Aiming: Ensorcelled Hibernation
Press: ? - help, Shift-Dir - straight line, f/p - Sigmund
Aim: Sigmund, wielding a vampiric scythe and wearing a robe (lightly wounded, unusually agile, chance to defeat MR: 51%) Sigmund resists with some effort.
Sigmund hits you with a vampiric scythe!
You barely miss Sigmund.
Sigmund is lightly wounded.
You hit Sigmund.
Sigmund is moderately wounded.
Sigmund points at you and mumbles some strange words.
The puff of flame hits you!
You closely miss Sigmund.
Sigmund is moderately wounded.
Sigmund hits you with a vampiric scythe!
* * * LOW HITPOINT WARNING * * *
You closely miss Sigmund.
Sigmund is moderately wounded.
Sigmund hits you with a vampiric scythe!
You die...

.........#.###
##.....#####
..#..#.#.....##
####......#
.......#.#.#..# ##.#...#
.......#.#.##.# #...###
.........#).#.## ##.###
.........##....#####..#
..<......###.#..#.....#
.........###.##.#.###.#
..........##.##.@@# #.#
.>...........###.####..
.............##.....##.#
# #.........###..... #
#.#..#....# ##..#
#######.........#
.....................
.[........#...#.#####
###########.....#


You could see Sigmund.

Vanquished Creatures
  Robin (D:2)
  A gnoll (D:1)
  3 dart slugs
  3 giant geckos
  7 bats
  2 giant cockroaches
  18 goblins
  9 hobgoblins
  3 jackals (D:1)
  13 kobolds
  A quokka (D:2)
  A ball python (D:1)
  A giant newt (D:1)
  7 rats
70 creatures vanquished.

Vanquished Creatures (others)
  A plant (D:1)
1 creature vanquished.

Grand Total: 71 creatures vanquished

Notes
Turn   | Place    | Note
--------------------------------------------------------------
     0 | D:1      | dohliylev the Vampire Enchanter began the quest for the Orb.
     0 | D:1      | Reached XP level 1. HP: 13/13 MP: 3/3
   169 | D:1      | Reached XP level 2. HP: 15/19 MP: 5/5
   173 | D:1      | Learned a level 2 spell: Ensorcelled Hibernation
   674 | D:1      | Reached XP level 3. HP: 17/24 MP: 0/6
  1002 | D:1      | Reached skill level 5 in Stealth
  1408 | D:1      | Reached skill level 5 in Hexes
  1704 | D:2      | Noticed Sigmund
  1732 | D:2      | Noticed Robin
  1735 | D:2      | Reached XP level 4. HP: 31/31 MP: 5/7
  1805 | D:2      | Killed Robin
  2308 | D:2      | Slain by Sigmund

Vault maps used:
D:1:      scummos_arrival_simple_fountains, serial_forest,
          infiniplex_forest_lined_ring, infiniplex_forest_lined_3_way,
          infiniplex_forest_end_3, infiniplex_forest_diagonal,
          infiniplex_forest_clump_tiny, infiniplex_forest_zigzag_1,
          infiniplex_forest_lined_2, infiniplex_forest_clump_long,
          infiniplex_forest_straight_2, infiniplex_forest_straight_3,
          minivault_14, lexackson_kobold_supper
D:2:      uniq_sigmund, uniq_robin

Skill      XL: |  1  2  3 |
---------------+----------+-----
Dodging        | 3 |  3.3
Stealth        | 5 |  5.3
Hexes          | 5 |  5.4
Fighting       | |  0.5
Short Blades   | |  1.5
Spellcasting   | |  2.3
Ice Magic      | |  0.8

Action                   |  1- 3 |  4- 6 || total
-------------------------+-------+-------++-------
Melee: Dagger            |   186 |    50 ||   236
Throw: Tomahawk          |     1 |     1 ||     2
 Cast: Ensorcelled Hiber |    24 |    17 ||    41
       Corona            |     4 |       ||     4
 Stab: Sleeping          |    21 |    13 ||    34
  Eat: Corpse            |     3 |       ||     3
